Map: Coda LE (Void)

Players

BonusRP

  • Race: Zerg Zerg

Bop - Winner!

  • Race: Zerg Zerg

VOD

Have the link to the VOD?

Description

Time

  • Played on: May 1, 2015, 5:15 p.m.
  • Length: 4:37
Show
View Real Time Build Order
Export as new Build Order

BonusRP Zerg 

Build Orders: Hatch First 

Get SALT Encoding   

  12  0:05  Drone  
  13  0:13  Overlord  
  13  0:20  Drone  
  14  0:33  Drone x2  
  16  0:52  Hatchery  
  15  0:59  Drone  
  16  1:10  Spawning Pool  
  15  1:15  Drone  
  15  1:16  Drone  
  17  1:19  Drone  
  18  1:40  Extractor  
  18  1:41  Drone  
  18  1:42  Overlord  
  18  1:49  Drone  
  19  2:00  Drone  
  20  2:04  Queen x2  
  20  2:05  Zergling x2  
  25  2:09  Drone  
  25  2:15  Drone  
  27  2:27  Roach Warren  
  26  2:34  Drone x3  
  26  2:36  Overlord  
  29  2:56  Drone x3  
  32  3:11  Evolution Chamber, Roach x3  
  37  3:14  Drone  
  37  3:15  Overlord  
  37  3:18  Drone x4  
  42  3:26  Lair  
  42  3:29  Roach  
  41  3:44  Roach x2  
  40  3:58  Roach x2  
  30  4:08  Roach  
Show
View Real Time Build Order
Export as new Build Order

Bop Zerg - Winner!

Build Orders: Hatch First 

Get SALT Encoding   

  12  0:01  Drone  
  13  0:12  Overlord  
  13  0:18  Drone  
  14  0:31  Drone x2  
  14  0:34  Drone  
  17  0:55  Hatchery  
  16  1:02  Drone  
  16  1:03  Drone  
  18  1:05  Extractor  
  17  1:18  Spawning Pool  
  16  1:27  Drone  
  17  1:38  Drone x2  
  19  1:44  Overlord  
  19  1:57  Drone  
  20  2:04  Queen  
  20  2:05  Zergling x2  
  20  2:06  Queen  
  25  2:12  Metabolic Boost  
  25  2:19  Drone x2  
  27  2:28  Baneling Nest  
  26  2:30  Drone  
  27  2:39  Zergling x6  
  30  2:45  Overlord  
  30  2:48  Zergling x2  
  31  2:51  Zergling x2  
  32  2:58  Zergling x2  
  32  3:03  Zergling x2  
  34  3:09  Zergling x2  
  34  3:12  Baneling x2  
  35  3:15  Zergling x2  
  35  3:16  Zergling x8  
  35  3:19  Baneling  
  40  3:20  Baneling  
  40  3:24  Overlord  
  37  3:46  Zergling x14  
  40  4:00  Zergling x10  
  42  4:18  Drone x2  
  44  4:24  Drone x2  
Tags
 
Add a new tag
Caveats
  • Supply blocks, unpowered buildings, or Contaminate may cause inaccurate times.
  • Supply counts are checked every 10 seconds.